 Dungeon Crawl Stone Soup version 0.24-a0-408-gcc1054c (webtiles) character file.

Game seed: 8969905111789946964

11060 AlmondAAA the Zephyrmancer (level 11, 0/103 HPs)
             Began as a Tengu Air Elementalist on June 5, 2019.
             Was a Believer of Vehumet.
             Slain by an unseen horror (7 damage)
             ... on level 11 of the Dungeon.
             The game lasted 00:34:58 (13803 turns).

AlmondAAA the Zephyrmancer (TeAE)                  Turns: 13803, Time: 00:34:59

Health: 0/103      AC: 25    Str: 10    XL:     11   Next: 71%
Magic:  3/22       EV:  2    Int: 17    God:    Vehumet [**....]
Gold:   19         SH:  0    Dex: 20    Spells: 10/24 levels left

rFire    + . .     SeeInvis .   R - +2 war axe "Jellybane" {elec, +Inv rF+ rC+ rN+++}
rCold    + . .     Gourm    .   (no shield)
rNeg     + + +     Faith    .   (armour currently unavailable)
rPois    +         Spirit   .   (helmet currently unavailable)
rElec    .         Reflect  .   (cloak currently unavailable)
rCorr    .         Harm     .   (gloves currently unavailable)
MR       .....     NoTele   +   (boots unavailable)
Stlth    +++.......             (no amulet)
HPRegen  0.27/turn              o - +1 ring of slaying
MPRegen  0.18/turn              (no ring)

@: agile, tree-form, marked, hasted, very quick
A: able to fly
a: Stop Flying, Renounce Religion, Evoke Invisibility


You were on level 11 of the Dungeon.
You worshipped Vehumet.
Vehumet was pleased with you.
You were very hungry.
You were a tree.
You visited 2 branches of the dungeon, and saw 12 of its levels.

You collected 821 gold pieces.
You spent 802 gold pieces at shops.

Inventory:

Hand Weapons
 g - a +0 dagger
 k - a +0 trident
 y - a +0 scimitar
 C - a +2 halberd of chopping
 Q - the +5 trident of the Solstice {flame, *Noise rF++ Dex+5}
   (You bought it in a shop on level 10 of the Dungeon)

   It has been specially enchanted to burn those struck by it, causing extra
   injury to most foes and up to half again as much damage against particularly
   susceptible opponents.
   It affects your dexterity (+5).
   It greatly protects you from fire.
   It may make noises in combat.
 R - the +2 war axe "Jellybane" (weapon) {elec, +Inv rF+ rC+ rN+++}
   (You took it off a vampire on level 10 of the Dungeon)

   Occasionally, upon striking a foe, it will discharge some electrical energy
   and cause terrible harm.
   It protects you from fire.
   It protects you from cold.
   It renders you almost immune to negative energy.
   It lets you turn invisible.
Missiles
 w - 48 poisoned darts (quivered)
Armour
 a - a +0 robe
 d - a cursed +0 ring mail
 i - a +1 cloak (melded)
 z - the +4 leather armour of the Clam (melded) {Str+3 Slay+2}
   (You found it on level 4 of the Dungeon)

   It affects your strength (+3).
   It affects your accuracy and damage with ranged weapons and melee attacks
   (+2).
 K - the +8 large shield "Hysuxun" {+Blink +Fly Int+5}
   (You found it on level 8 of the Dungeon)

   It affects your intelligence (+5).
   It lets you fly.
   It lets you blink.
Jewellery
 o - a +1 ring of slaying (left branch)
 M - an uncursed amulet of the gourmand
Wands
 t - a wand of polymorph (6)
 E - a wand of enslavement (6)
 N - a wand of iceblast (6)
Scrolls
 f - 2 scrolls of magic mapping
 h - 3 scrolls of fear
 j - 5 scrolls of enchant weapon
 l - a scroll of immolation
 s - a scroll of amnesia
 u - 3 scrolls of noise
 A - a scroll of silence
 G - 6 scrolls of fog
 H - a scroll of summoning {unknown}
 J - 2 scrolls of teleportation {unknown}
 O - 3 scrolls of remove curse
Potions
 b - 2 potions of berserk rage
 m - a potion of haste
 p - 2 potions of flight {unknown}
 q - a potion of brilliance {unknown}
 r - a potion of cancellation {unknown}
 v - 8 potions of might
 x - a potion of magic {unknown}
 B - a potion of invisibility {unknown}
 D - a potion of lignification
 F - 2 potions of mutation
 I - a potion of degeneration {unknown}
 L - 2 potions of heal wounds {unknown}
Miscellaneous
 P - a phantom mirror
Comestibles
 c - 12 rations
 S - 2 chunks of flesh


   Skills:
 + Level 8.8 Fighting
 - Level 3.0 Armour
 + Level 7.5 Dodging
 - Level 2.0 Stealth
 + Level 4.2 Shields
 - Level 7.0 Spellcasting
 - Level 4.2 Conjurations
 - Level 1.0 Charms
 + Level 5.4 Summonings
 - Level 13.0 Air Magic


You had 10 spell levels left.
You knew the following spells:

 Your Spells              Type           Power        Failure   Level  Hunger
a - Shock                 Conj/Air       ####         1%          1    None
b - Swiftness             Chrm/Air       ####....     1%          2    None
c - Static Discharge      Conj/Air       #####...     1%          3    ##.....
d - Airstrike             Air            ######....   1%          4    ####...
e - Summon Lightning Spi  Summ/Air       #####...     2%          4    ####...

Your spell library contained the following spells:

 Spells                   Type           Power        Failure   Level  Hunger
 Sting                    Conj/Pois      ##..         4%          1    None
 Summon Small Mammal      Summ           ###.         1%          1    None
 Call Imp                 Summ           ###.....     1%          2    None
 Call Canine Familiar     Summ           ###.....     3%          3    ##.....
 Lightning Bolt           Conj/Air       #####.....   10%         5    #####..
 Corona                   Hex            #......      12%         1    None
 Summon Guardian Golem    Hex/Summ       ###.....     12%         3    ##.....
 Slow                     Hex            #.......     17%         2    None
 Inner Flame              Hex/Fire       #.......     34%         3    ##.....
 Portal Projectile        Hex/Tloc       #.....       34%         3    ##.....
 Summon Ice Beast         Ice/Summ       ###.....     36%         4    ####...
 Iskenderun's Battlesphe  Conj/Chrm      ##......     73%         5    #####..
 Cause Fear               Hex            #.........   75%         4    ####...
 Leda's Liquefaction      Hex/Erth       #.........   75%         4    ####...
 Venom Bolt               Conj/Pois      ##........   80%         5    #####..
 Bolt of Magma            Conj/Fire/Erth ##........   88%         5    #####..
 Iron Shot                Conj/Erth      ##........   100%        6    #######
 Orb of Destruction       Conj           ###.......   100%        7    #######
 Spellforged Servitor     Conj/Summ      ###.......   100%        7    #######


Dungeon Overview and Level Annotations

Branches:
Dungeon (11/15)            Temple (1/1) D:6            Lair (0/6) D:11
    Orc (0/2) D:10

Altars:
Ashenzari
Cheibriados
Dithmenos
Elyvilon
Fedhas
Gozag
Hepliaklqana
Kikubaaqudgha
Makhleb
Nemelex Xobeh
Okawaru
Qazlal
Ru
Sif Muna
Trog
Uskayaw
Vehumet
Wu Jian
Xom
Yredelemnul
Zin
The Shining One
Beogh

Shops:
D:10 (   D:11 ??


Innate Abilities, Weirdness & Mutations

((You have a beak for a mouth.))
((You have claws for feet.))
You can fly continuously.
((You have a pair of small antennae on your head.))
((You can translocate small distances at will.))


Message History

Okay, then.
Evoke which item? (* to show all) (? for menu, Esc to quit)
Aiming: Enslavement
Press: ? - help, Shift-Dir - straight line, f - orc
Aim: an orc, wielding a +0 hand axe and wearing a +0 ring mail (chance to defeat MR: 63%)
Okay, then.
Unknown command.
Evoke which item? (* to show all) (? for menu, Esc to quit)
Aiming: Enslavement
Press: ? - help, Shift-Dir - straight line, f - orc
Aim: an orc, wielding a +0 hand axe and wearing a +0 ring mail (chance to defeat MR: 63%) Nothing appears to happen.
Something completely misses you. Something hits you!
* * * LOW HITPOINT WARNING * * *
Unknown command.
Okay, then.
It was a potion of lignification.
You turn into a tree.
Your +1 cloak melds into your body.
The +4 leather armour of the Clam {Str+3 Slay+2} melds into your body.
Your roots penetrate the ground.
Something hits you!
You die...

#.)))...........#
#######.".....#..
###...###
#...######.
##.∩......V
#.#.###### #...#
##########
##≈≈####{♣##
#(≈≈.##.##.#
#.≈≈.#.##{##
#.≈≈..###.#
#.≈≈.## #.##
#.≈o.# ##.#
#.≈≈.#. #.# .
#.≈≈.#.###.# #
#.≈≈.##.#.## ##


You could see an orc.

Vanquished Creatures
  A two-headed ogre (D:11)
  3 skeletal warriors
  4 molten gargoyles (D:10)
  A freezing wraith (D:11)
  A troll (D:10)
  2 hippogriffs
  6 yaks
  2 vampires
  A hungry ghost (D:10)
  An ice beast (D:10)
  A black bear (D:7)
  4 sky beasts
  6 orc warriors
  6 ogres
  A necrophage (D:8)
  A centaur (D:5)
  6 bullfrogs
  3 scorpions
  2 electric eels (D:11)
  2 howler monkeys
  A lava snake (D:10)
  7 crimson imps
  A centaur zombie (D:8)
  3 bullfrog zombies
  4 hounds
  4 orc priests
  2 centaur skeletons
  3 jellies
  2 quasits
  A bullfrog skeleton (D:11)
  7 iguanas
  3 orc wizards
  2 worker ants
  A howler monkey zombie (D:11)
  Robin (D:3)
  16 adders
  A worker ant zombie (D:11)
  8 gnolls
  3 shadow imps
  2 white imps (D:11)
  An ufetubus (D:11)
  An ooze (D:3)
  An adder skeleton (D:4)
  3 worms
  5 dart slugs
  5 leopard geckos
  35 orcs
  4 giant cockroaches
  8 goblins
  11 hobgoblins
  10 jackals
  5 quokkas
  7 ball pythons
  12 bats
  4 frilled lizards
  2 jackal skeletons
  5 kobolds
  A quokka skeleton (D:7)
  2 quokka zombies
  9 rats
257 creatures vanquished.

Vanquished Creatures (collateral kills)
  A death knight (D:10)
  2 skeletal warriors
  A polar bear (D:11)
  3 yaks
  An acid dragon (D:11)
  A warg (D:11)
  An orc warrior (D:9)
  An ogre (D:10)
  2 howler monkeys (D:11)
  4 orc priests
  11 orcs (D:10)
28 creatures vanquished.

Vanquished Creatures (others)
  A yak (D:11)
1 creature vanquished.

Grand Total: 286 creatures vanquished

Notes
Turn   | Place    | Note
-------+----------+-------------------------------------------
     0 | D:1      | AlmondAAA the Tengu Air Elementalist began the quest for
                  | the Orb.
     0 | D:1      | Reached XP level 1. HP: 10/10 MP: 4/4
   112 | D:1      | Reached XP level 2. HP: 12/15 MP: 1/6
   165 | D:1      | Learned a level 2 spell: Swiftness
   267 | D:1      | Reached skill level 5 in Air Magic
   557 | D:1      | Reached XP level 3. HP: 19/19 MP: 0/7
  1925 | D:2      | Reached XP level 4. HP: 24/24 MP: 3/8
  2209 | D:3      | Found a hide-covered altar of Uskayaw.
  2371 | D:3      | Reached skill level 6 in Air Magic
  2766 | D:3      | Noticed Robin
  2785 | D:3      | Killed Robin
  3432 | D:4      | Got an ancient leather armour
  3443 | D:4      | Identified the +4 leather armour of the Clam {Str+3 Slay+2}
                  | (You found it on level 4 of the Dungeon)
  3491 | D:4      | Learned a level 3 spell: Static Discharge
  3527 | D:4      | Gained mutation: You can fly continuously. [Tengu growth]
  3527 | D:4      | Reached XP level 5. HP: 28/28 MP: 5/9
  3608 | D:4      | Found an ancient bone altar of Kikubaaqudgha.
  3854 | D:4      | Reached XP level 6. HP: 31/32 MP: 2/11
  3910 | D:4      | Reached skill level 7 in Air Magic
  4362 | D:4      | Reached skill level 8 in Air Magic
  4493 | D:4      | Reached XP level 7. HP: 35/36 MP: 12/12
  4614 | D:4      | Learned a level 4 spell: Airstrike
  4692 | D:5      | Entered Level 5 of the Dungeon
  4748 | D:5      | Reached skill level 9 in Air Magic
  5041 | D:5      | Reached skill level 10 in Air Magic
  5511 | D:5      | Found a hazy altar of Hepliaklqana.
  5828 | D:5      | Reached skill level 11 in Air Magic
  5828 | D:5      | Reached XP level 8. HP: 41/41 MP: 3/13
  6273 | D:6      | Reached skill level 1 in Fighting
  6385 | D:6      | Found a staircase to the Ecumenical Temple.
  6393 | D:6      | Reached skill level 1 in Armour
  6401 | Temple   | Entered the Ecumenical Temple
  6494 | Temple   | Became a worshipper of Vehumet
  6590 | D:6      | Reached skill level 1 in Charms
  7148 | D:7      | Reached XP level 9. HP: 32/48 MP: 4/15
  7152 | D:7      | Reached skill level 12 in Air Magic
  7211 | D:7      | Learned a level 4 spell: Summon Lightning Spire
  7390 | D:7      | Reached skill level 1 in Summonings
  7431 | D:7      | Reached * piety under Vehumet
  7431 | D:7      | Offered knowledge of Flame Tongue by Vehumet.
  7991 | D:8      | Reached skill level 5 in Spellcasting
  8343 | D:8      | Got a brightly glowing large shield
  8389 | D:8      | Reached skill level 5 in Dodging
  8784 | D:8      | Found a burning altar of Makhleb.
  8784 | D:8      | Found a glowing silver altar of Zin.
  8785 | D:8      | Found a basalt altar of Yredelemnul.
  9090 | D:9      | Found a bloodstained altar of Trog.
  9097 | D:9      | Identified the +8 large shield "Hysuxun" {+Blink +Fly
                  | Int+5} (You found it on level 8 of the Dungeon)
  9236 | D:9      | Reached XP level 10. HP: 55/58 MP: 13/19
  9633 | D:10     | Entered Level 10 of the Dungeon
  9654 | D:10     | Noticed a molten gargoyle
  9689 | D:10     | Killed a molten gargoyle
  9689 | D:10     | Reached skill level 5 in Fighting
  9691 | D:10     | Noticed a molten gargoyle
  9775 | D:10     | Killed a molten gargoyle
  9859 | D:10     | Noticed a molten gargoyle
  9866 | D:10     | Killed a molten gargoyle
 10092 | D:10     | Found a roughly hewn altar of Beogh.
 10096 | D:10     | Offered knowledge of Sting by Vehumet.
 10096 | D:10     | Reached ** piety under Vehumet
 10385 | D:10     | Noticed a molten gargoyle
 10389 | D:10     | Killed a molten gargoyle
 10587 | D:10     | Found a staircase to the Orcish Mines.
 10619 | D:10     | Found Johisys's Weapon Boutique.
 10641 | D:10     | Bought the +5 trident of the Solstice {flame, *Noise rF++
                  | Dex+5} for 690 gold pieces
 10938 | D:11     | Noticed a death knight
 11321 | D:10     | HP: 3/63 [death knight/+3 vampiric battleaxe (30)]
 11324 | D:10     | Killed a death knight
 11324 | D:10     | Reached skill level 1 in Shields
 11683 | D:11     | Found Kaerigum's Magic Scroll Shoppe.
 11683 | D:11     | Found Radid's Magic Scroll Shop.
 11689 | D:11     | Bought a scroll of identify for 28 gold pieces
 11689 | D:11     | Bought 3 scrolls of fog for 84 gold pieces
 11813 | D:11     | Identified the +2 war axe "Jellybane" {elec, +Inv rF+ rC+
                  | rN+++}
 11814 | D:11     | Identified a scroll of acquirement
 11819 | D:11     | Got a faintly glowing copper amulet
 11821 | D:11     | Identified the amulet of Qelaecuy {Faith Dex+5} (You
                  | acquired it on level 11 of the Dungeon)
 11824 | D:11     | Noticed a skeletal warrior
 11846 | D:11     | Killed a skeletal warrior
 11846 | D:11     | Reached XP level 11. HP: 47/68 MP: 16/22
 11854 | D:11     | Noticed a skeletal warrior
 11860 | D:11     | Noticed a skeletal warrior
 11861 | D:11     | Noticed a skeletal warrior
 11862 | D:11     | Noticed a skeletal warrior
 11865 | D:11     | Killed a skeletal warrior
 11878 | D:11     | Killed a skeletal warrior
 12114 | D:10     | Killed a skeletal warrior
 12368 | D:10     | Killed a skeletal warrior
 13334 | D:11     | Noticed a two-headed ogre
 13342 | D:11     | Killed a two-headed ogre
 13342 | D:11     | Reached skill level 5 in Summonings
 13553 | D:10     | Reached skill level 13 in Air Magic
 13642 | D:11     | Found a staircase to the Lair.
 13801 | D:11     | Gained mutation: You can translocate small distances at
                  | will. [potion of mutation]
 13801 | D:11     | Gained mutation: You have a pair of small antennae on your
                  | head. [potion of mutation]
 13803 | D:11     | Slain by an unseen horror

Levels and vault maps discovered:
D:1:      minmay_arrival_checkered_box, layout_basic, hex_large
D:2:      layout_basic, grunt_ministairs_8, minmay_misc_feat_four_crosses
D:3:      layout_basic, eat_drink_and_be_merry_uskayaw, minmay_misc_feat_rows,
          uniq_robin
D:4:      layout_loops_ring, kennysheep_little_box, first_ration,
          chequers_serial_rivers_marsh, minmay_snake_closets
D:5:      kennysheep_six_static_rooms, layout_rooms, lemuel_doored_altar,
          chequers_garden
D:6:      layout_basic, minmay_temple_entry_proselytizer
D:7:      layout_basic
D:8:      layout_basic, gammafunk_temple_overflow_claw
D:9:      layout_long_grid, basic_altar, grunt_pizzeria,
          hangedman_abyss_or_decor_clamps
D:10:     layout_roguey [special_room_orc], orc_david_3, eino_tiny_chamber,
          minivault_8
D:11:     wad_river_or_something, layout_loops_ring, erik_lair_orcish_takeover,
          serial_shops, shop, shop, shop, shop, shop, serial_ice, serial_ice_a,
          serial_ice_f, serial_ice_k, serial_ice_m, serial_ice_e,
          hangedman_incinerator
Temple:   minmay_temple_bridge_d

Skill      XL: |  1  2  3  4  5  6  7  8  9 10 11 |
---------------+----------------------------------+-----
Air Magic      | 5 6 8 11 12 13 | 13.0
Conjurations   | 2 3 4 |  4.2
Spellcasting   | 3 5 6 7 |  7.0
Fighting       | 2 4 8 |  8.8
Armour         | 2 3 |  3.0
Charms         | 1 |  1.0
Dodging        | 3 5 6 7 |  7.5
Summonings     | 4 5 |  5.4
Shields        | 2 4 |  4.2
Stealth        | |  2.0

Action                   |  1- 3 |  4- 6 |  7- 9 | 10-12 || total
-------------------------+-------+-------+-------+-------++-------
Melee: Unarmed           |    12 |       |       |       ||    12
       Kick              |     9 |    21 |    31 |    34 ||    95
       Dagger            |    18 |    10 |       |       ||    28
       Peck              |     4 |     6 |    14 |    21 ||    45
       Scimitar          |       |    40 |    13 |       ||    53
       Halberd           |       |       |   120 |    35 ||   155
       Trident           |       |       |       |    70 ||    70
       War axe           |       |       |       |    12 ||    12
Throw: Dart              |     6 |     4 |       |       ||    10
 Cast: Shock             |    73 |    98 |    95 |    74 ||   340
       Airstrike         |       |       |    33 |    56 ||    89
       Static Discharge  |       |       |     2 |       ||     2
       Summon Lightning  |       |       |     4 |    17 ||    21
 Abil: Fly               |       |     1 |       |       ||     1
Evoke: Wand              |       |       |       |     8 ||     8
  Use: Scroll            |       |     4 |     9 |     4 ||    17
       Potion            |       |       |       |     7 ||     7
 Stab: Sleeping          |     1 |     3 |     6 |     3 ||    13
       Distracted        |       |       |     1 |     2 ||     3
  Eat: Chunk             |     4 |    10 |    12 |    11 ||    37
       Ration            |       |       |     2 |     4 ||     6
Armor: Robe              |    10 |     4 |       |       ||    14
       Leather armour    |       |    15 |    34 |    47 ||    96
Dodge: Dodged            |    18 |    55 |   103 |   136 ||   312
       Rpst.: Scimitar   |       |    15 |     4 |       ||    19

Table legend:
 A = Non-vault XP
 B = Vault XP
 C = Vault XP percentage of total XP
 D = Non-vault monster count
 E = Vault monster count
 F = Vault count percentage of total count
                 A         B        C        D         E       F
            +---------+---------+-------+---------+---------+-------
      Total |   12429 |    3372 |  21.3 |     211 |      75 |  26.2
            +---------+---------+-------+---------+---------+-------
        D:1 |      44 |       0 |   0.0 |      27 |       0 |   0.0
        D:2 |      38 |       6 |  13.6 |      18 |       2 |  10.0
        D:3 |      40 |      29 |  42.0 |      12 |       8 |  40.0
        D:4 |     377 |      89 |  19.1 |      24 |      12 |  33.3
        D:5 |     915 |      65 |   6.6 |      27 |       3 |  10.0
        D:6 |     526 |      43 |   7.6 |       9 |       1 |  10.0
        D:7 |    1223 |       0 |   0.0 |      26 |       0 |   0.0
        D:8 |     857 |       0 |   0.0 |      14 |       0 |   0.0
        D:9 |     324 |      94 |  22.5 |       7 |       1 |  12.5
       D:10 |    3504 |    2276 |  39.4 |      26 |      34 |  56.7
       D:11 |    4581 |     770 |  14.4 |      21 |      14 |  40.0
            +---------+---------+-------+---------+---------+-------
